woodfighter, lawful female dwarven Priestess ------- |.....| |..<..| --- --.--.- |.+ #### |.| #### |.- #### |.. #### |.. #### |. #### |. -.--.------- |. |..........| |.@ |...........# |.- |..........| |f| G |..........| |.-@ |...........###*#G##@Y|m ------------ |@--------------- ----------- |f..%@.B........................| --------------------------------- W woodfighter the Adept Experience level: 8 Strength: 17 Dexterity: 13 Constitution: 18 Intelligence: 17 Wisdom: 9 Charisma: 9 Health: 0(81) Energy: 51(51) Def: 3 Gold: 0 Moves: 9160 Dungeon seed: yE0wApANx0NEwYSv Game ID: woodfighter_1547932474 Your Inventory: Amulets H - a blessed amulet of ESP (being worn) Weapons a - a blessed +1 mace (weapon in hand) j - a blessed +0 orcish spear (in quiver) o - a blessed +1 orcish spear Armor e - a +0 robe (being worn) q - a blessed +1 mummy wrapping r - a +0 Uruk-hai shield (being worn) Comestibles G - a tripe ration O - 3 food rations Rings g - a cursed ring of aggravate monster J - a ring of poison resistance (on right hand) U - a ring of shock resistance (on left hand) Wands x - a wand of enlightenment (0:4) W - a wand of sleep (0:4) Tools c - a towel s - a sack u - a brass lantern (0:1315) v - a +0 pick-axe y - a skeleton key B - a blindfold Y - a blessed oil lamp (0:1330) Gems d - a worthless piece of red glass f - 2 worthless pieces of yellow glass i - a worthless piece of black glass n - 5 worthless pieces of blue glass z - 3 worthless pieces of green glass N - 2 fluorites Contents of the sack: 50 gold pieces a scroll of teleportation a potion of hallucination a potion of levitation a potion of object detection Spells and supernatural/magical abilities: Name Level Category Fail Memory h - healing 1 healing 43% 55% l - light 1 divination 49% 55% p - protection 1 clerical 49% 55% W - pray for help -- divine ? -- X - turn undead -- divine ? -- Your skills at the end: Miscellaneous Skills shield [Basic] wands [Basic] Weapon Skills pick-axe [Basic] mace [Basic] Spellcasting Skills clerical spells [Basic] Final Attributes: You were fervently aligned. You were shock resistant. You were poison resistant. Your writing hand was ok. You were telepathic. You had infravision. You were invisible. You were stealthy. You were held by an owlbear. You were lucky. You are dead. Vanquished creatures: 2 giant mimics a djinni a leprechaun 2 dust vortices a plains centaur a gnome mummy a snake 3 human zombies a bugbear an imp a wood nymph 2 Mordor orcs 11 Uruk-hai 3 rock moles 3 rock piercers 2 fog clouds a shrieker a gnome lord 3 gnomish wizards a kobold mummy a black naga hatchling a ghoul a straw golem 3 puppies a floating eye a homunculus a kobold lord 3 iguanas 6 rothes a rabid rat a centipede a jitterbug a giant bat an orc zombie 2 dwarf zombies 3 wererats 2 werejackals 7 killer bees 6 coyotes 6 gas spores 2 hobbits an acid blob 3 large kobolds 3 geckos 3 hobgoblins 6 giant rats a brown mold 3 yellow molds 6 green molds 4 red molds 4 gnomes 2 garter snakes 6 manes 4 gnome zombies 11 jackals 2 foxes a kobold 12 newts 5 goblins 7 sewer rats 10 grid bugs 2 bats 6 lichens 4 kobold zombies 199 creatures vanquished. Voluntary challenges: You did not have reflection. You were not displaced. You had been an atheist until turn 4908. You used a wielded weapon 297 times, starting on turn 54. You did not apply a unicorn horn. You did not use plumbed fixtures. You did not drink any magical draughts. You read items or engraved 3 times, starting on turn 3087. You never genocided any monsters. You never polymorphed an object. You never changed form. You cheated 3 times but completed Sokoban on turn 7390. You used no wishes. You never split a pudding. You never wrote Elbereth's name. You violated your moral code, losing 14 points of alignment, starting on turn 4503. Dungeon overview: The Dungeons of Doom: levels 1 to 7 Level 1 a long staircase Level 2 a scroll shop Level 3 (box) a general store, some fountains Level 4 (vault) stairs to The Gnomish Mines Level 5 (vault) a fountain Level 6 many fountains Level 7 stairs to Sokoban The Gnomish Mines: levels 5 to 7 Level 5 stairs to The Dungeons of Doom Level 6 Level 7 <- You were here Sokoban: levels 3 to 6 Level 3 a magic chest Level 4 a delicatessen, a magic chest Level 5 Level 6 a magic chest stairs to The Dungeons of Doom History has recorded: On T:1 you entered the Dungeons of Doom to retrieve the Amulet of Yendor! On T:355 you reached level 2 of The Dungeons of Doom. On T:580 you reached level 3 of The Dungeons of Doom. On T:639 you advanced to experience level 2. On T:1195 you advanced to experience level 3. On T:1234 you reached level 4 of The Dungeons of Doom. On T:1828 you advanced to experience level 4. On T:1837 you reached level 5 of The Dungeons of Doom. On T:1876 you reached level 1 of The Gnomish Mines. On T:2355 you reached level 6 of The Dungeons of Doom. On T:2444 you advanced to experience level 5. On T:2672 you reached level 7 of The Dungeons of Doom. On T:3149 you reached level 4 of Sokoban. On T:3281 you opened a magic chest. On T:3644 you reached level 3 of Sokoban. On T:3655 you advanced to experience level 6. On T:4842 you reached level 2 of Sokoban. On T:4908 you prayed to Amaterasu Omikami. On T:4911 you advanced to experience level 7. On T:5659 you reached level 1 of Sokoban. On T:6225 you prayed to Amaterasu Omikami. On T:7390 you entered the Sokoban zoo. On T:7900 you advanced to experience level 8. On T:8493 you prayed to Amaterasu Omikami. On T:8626 you reached level 2 of The Gnomish Mines. On T:8926 you reached level 3 of The Gnomish Mines. On T:9153 you prayed to Amaterasu Omikami. Score breakdown: Gold: 50 ( 5 points) Experience: 8 levels ( 700 points) Exploration: 7 levels ( 180 points) Discoveries: 31 items ( 1550 points) Variety of kills: 64 monsters ( 2000 points) Major goal: finished Sokoban ( 1000 points) Survival: died (score multiplied by 3) Total score: 16305 Latest messages: Tigger bites! You hit Tigger! Tigger bites! (2x) The eucalyptus leaf misses Tigger. You begin praying to Amaterasu Omikami. You are surrounded by a shimmering light. You hear some noises. The owlbear starts to attack you, but pulls back. Kitty is caught in the gas spore's explosion! The owlbear starts to attack you, but pulls back. (2x) You feel that Amaterasu Omikami is pleased. You feel much better. You hit the owlbear! The owlbear punches you! (4x) You hit the owlbear! The owlbear punches you! (2x) The owlbear grabs you! You hit the owlbear! The owlbear punches you! (2x) You are being crushed. You hit the owlbear! The owlbear punches you! (2x) You are being crushed. You die... Final status: Goodbye woodfighter the Priestess, killed by an owlbear... You died in The Gnomish Mines on dungeon level 7 with 16305 points, and 50 pieces of gold, after 9160 moves. You were level 8 with a maximum of 81 hit points when you died.